[Event "8th RTU Open 2018"]
[Site "Riga"]
[Date "2018.08.06"]
[Round "1"]
[White "Zhukov, Anton"]
[Black "Berzinsh, Roland"]
[Result "1/2-1/2"]
[ECO "D20"]
[WhiteElo "2129"]
[BlackElo "2408"]
[Annotator "NA"]
[PlyCount "117"]
[EventDate "2018.08.06"]
[EventType "swiss"]
[EventCountry "LAT"]
[SourceTitle "playchess.com"]
[Source "ChessBase"]
[SourceQuality "1"]
[TimeControl "5400+30"]

1. d4 d5 2. c4 dxc4 3. e4 Nc6 4. Be3 Nf6 5. Nc3 e5 6. d5 Na5 7. Qa4+ c6 8. dxc6 Nxc6 9. Rd1 Bd7 10. Qxc4 Rc8 11. Qd3 Ng4 12. Bg5 Be7 13. Bxe7 Qxe7 14. Be2 Nf6 15. Nf3 O-O 16. O-O Bg4 17. Nd2 Rfd8 18. Qb1 Nd4 19. Bxg4 Nxg4 20. h3 Nf6 21. Rfe1 Qb4 22. Nf1 g6 23. Ne3 Kg7 24. Ned5 Nxd5 25. Nxd5 Qc4 26. Qd3 Qxd3 27. Rxd3 Rc2 28. Rb1 f5 29. Re3 Ne2+ 30. Kf1 Nf4 31. Nxf4 exf4 32. Rc3 Rdd2 33. Rxc2 Rxc2 34. exf5 g5 35. Rd1 Rxb2 36. Rd7+ Kf6 37. Rxh7 a5 38. a4 Kxf5 39. g3 Ke4 40. Rc7 Rb1+ 41. Kg2 f3+ 42. Kh2 Rf1 43. Re7+ Kd4 44. g4 Rxf2+ 45. Kg3 Ra2 46. Kxf3 Ra3+ 47. Kg2 Rxa4 48. Rxb7 Rb4 49. Rg7 Rb5 50. Ra7 Kc4 51. h4 Kb4 52. hxg5 Rxg5 53. Kg3 a4 54. Kf4 Ra5 55. Rxa5 Kxa5 56. g5 a3 57. g6 a2 58. g7 a1=Q 59. g8=Q 1/2-1/2

[Event "8th RTU Open 2018"]
[Site "Riga"]
[Date "2018.08.06"]
[Round "1"]
[White "Polyakov, Fedor"]
[Black "Bernotas, Arturs"]
[Result "0-1"]
[ECO "E00"]
[WhiteElo "2126"]
[BlackElo "2406"]
[Annotator "NA"]
[PlyCount "121"]
[EventDate "2018.08.06"]
[EventType "swiss"]
[EventCountry "LAT"]
[SourceTitle "playchess.com"]
[Source "ChessBase"]
[SourceQuality "1"]
[TimeControl "5400+30"]

1. d4 Nf6 2. c4 e6 3. a3 d5 4. Nc3 c5 5. e3 cxd4 6. exd4 Be7 7. Nf3 O-O 8. Bd3 b6 9. O-O Ba6 10. cxd5 Bxd3 11. Qxd3 Nxd5 12. Qe4 Nc6 13. Nxd5 exd5 14. Qd3 Bf6 15. Bf4 Re8 16. Rfe1 Qd7 17. Be5 Be7 18. Rac1 Rac8 19. b4 Bf8 20. h3 f6 21. Bf4 Ne7 22. Rxc8 Rxc8 23. Rc1 Rxc1+ 24. Bxc1 Qc6 25. Bd2 b5 26. Ne1 Nc8 27. Qc3 Qxc3 28. Bxc3 Nb6 29. Nc2 g6 30. Bd2 Bd6 31. Kf1 Nc4 32. Ke2 Kf7 33. Bc1 Ke6 34. Kf3 Bf8 35. Ne1 Kd7 36. Nc2 Kc6 37. Ke2 Bd6 38. Kf3 Kd7 39. Bf4 Bf8 40. Bb8 a6 41. Bf4 Ke6 42. Bc1 h5 43. g4 Nd6 44. Ne1 Nc4 45. Nd3 hxg4+ 46. hxg4 g5 47. Ne1 Be7 48. Nc2 Bd6 49. Ne1 Bc7 50. Nc2 Bb6 51. Kg3 Kf7 52. Kf3 Nd6 53. Ke2 Ke6 54. f3 Bd8 55. Na1 a5 56. Nc2 Nc4 57. Ne3 Bb6 58. Nc2 Bc7 59. Ne1 Bd6 60. Nc2 a4 61. Ne1 {Ke5} 0-1

[Event "8th RTU Open 2018"]
[Site "Riga"]
[Date "2018.08.06"]
[Round "1"]
[White "Mitrandzas, Athanasios"]
[Black "Gokerkan, Cem Kaan"]
[Result "0-1"]
[ECO "A25"]
[WhiteElo "2121"]
[BlackElo "2404"]
[Annotator "NA"]
[PlyCount "92"]
[EventDate "2018.08.06"]
[EventType "swiss"]
[EventCountry "LAT"]
[SourceTitle "playchess.com"]
[Source "ChessBase"]
[SourceQuality "1"]
[TimeControl "5400+30"]

1. c4 g6 2. g3 Bg7 3. Bg2 e5 4. Nc3 Nc6 5. e4 d6 6. Nge2 h5 7. h4 Be6 8. d3 Nge7 9. Nd5 O-O 10. O-O Qd7 11. Bg5 f6 12. Be3 Rae8 13. Qd2 Kh7 14. Rad1 Ng8 15. d4 Bh3 16. Bxh3 Qxh3 17. Nxc7 exd4 18. Nxd4 Rxe4 19. Nxc6 bxc6 20. Qxd6 Rf7 21. Bf4 Qc8 22. Rd4 Rxf4 23. Qxf4 f5 24. Ne6 Qxe6 25. Rd6 Qe8 26. Qd2 Nf6 27. Qd3 Ne4 28. Rd8 Qe7 29. b3 c5 30. Qd5 Bd4 31. Kg2 Nc3 32. Qa8 Qb7+ 33. Qxb7 Rxb7 34. a4 Kh6 35. Re1 Rxb3 36. Rd7 Ne4 37. Re2 a5 38. Ra7 Rb4 39. f3 Nf6 40. Ree7 Rb2+ 41. Kh1 Rb1+ 42. Kg2 Rb2+ 43. Kh1 g5 44. Rg7 Rb1+ 45. Kg2 gxh4 46. gxh4 Rg1+ 0-1

[Event "8th RTU Open 2018"]
[Site "Riga"]
[Date "2018.08.06"]
[Round "1"]
[White "Pavlov, Sergey"]
[Black "Chekletsov, Egor"]
[Result "1-0"]
[ECO "A15"]
[WhiteElo "2003"]
[BlackElo "2171"]
[Annotator "NA"]
[PlyCount "61"]
[EventDate "2018.08.06"]
[EventType "swiss"]
[EventCountry "LAT"]
[SourceTitle "playchess.com"]
[Source "ChessBase"]
[SourceQuality "1"]
[TimeControl "5400+30"]

1. c4 Nf6 2. g3 c5 3. Bg2 g6 4. Nf3 Bg7 5. Nc3 O-O 6. d4 cxd4 7. Nxd4 Nc6 8. O-O Nxd4 9. Qxd4 d6 10. Qd3 a5 11. Bd2 Nd7 12. Qc2 Nc5 13. b3 Bd7 14. Rac1 Bc6 15. Rfd1 Bxg2 16. Kxg2 Qb6 17. Nd5 Qc6 18. f3 Rfe8 19. Bg5 Bf8 20. Qd2 Ne6 21. Bh6 Bg7 22. h4 Bh8 23. h5 a4 24. b4 Nd4 25. hxg6 hxg6 26. Be3 Nf5 27. Bf2 e6 28. b5 Qd7 29. Nb6 Qe7 30. Nxa8 Rxa8 31. e4 1-0

[Event "8th RTU Open 2018"]
[Site "Riga"]
[Date "2018.08.08"]
[Round "4"]
[White "Schroeder, Jan Christian"]
[Black "Seeman, Tarvo"]
[Result "1-0"]
[ECO "C41"]
[WhiteElo "2573"]
[BlackElo "2405"]
[Annotator "ChessBase"]
[PlyCount "65"]
[EventDate "2018.08.06"]
[EventType "swiss"]
[EventCountry "LAT"]
[SourceTitle "playchess.com"]
[Source "ChessBase"]
[SourceQuality "1"]
[TimeControl "5400+30"]

1. e4 d6 2. d4 Nf6 3. Nc3 e5 4. Nf3 Nbd7 5. Bc4 Be7 6. O-O O-O 7. a4 a6 8. a5 h6 9. Be3 Re8 10. Qb1 exd4 11. Bxd4 Nf8 12. Qa2 Be6 13. Rad1 Qc8 14. Rfe1 Ng6 15. Qb3 Ng4 16. Bxe6 fxe6 17. h3 N4e5 18. Nxe5 dxe5 19. Be3 Rf8 20. Na4 Rf7 21. Rd2 Kh7 22. Red1 Qe8 23. Rd7 Bd6 24. Rxf7 Qxf7 25. Qxb7 Rf8 26. Qxa6 Nh4 27. Qe2 Ra8 28. Bd2 h5 29. b4 Qg6 30. f3 Qf6 31. a6 g5 32. b5 Ng6 33. Be3 1-0

[Event "8th RTU Open 2018"]
[Site "Riga"]
[Date "2018.08.08"]
[Round "4"]
[White "Kulaots, Kaido"]
[Black "Faibisovich, Vadim Z"]
[Result "1-0"]
[ECO "A28"]
[WhiteElo "2554"]
[BlackElo "2310"]
[Annotator "ChessBase"]
[PlyCount "192"]
[EventDate "2018.08.06"]
[EventType "swiss"]
[EventCountry "LAT"]
[SourceTitle "playchess.com"]
[Source "ChessBase"]
[SourceQuality "1"]
[TimeControl "5400+30"]

1. c4 e5 2. Nc3 Nf6 3. Nf3 Nc6 4. e3 d5 5. cxd5 Nxd5 6. Bb5 Nxc3 7. bxc3 Bd6 8. d4 exd4 9. cxd4 O-O 10. O-O Bg4 11. h3 Bh5 12. Rb1 Qf6 13. Be2 b6 14. Bb2 Bg6 15. Rc1 Ne7 16. Nd2 Qe6 17. e4 Bxe4 18. Nxe4 Qxe4 19. Bf3 Qe6 20. Bxa8 Qxa2 21. Ra1 Qxb2 22. Be4 Qb5 23. Rxa7 Qg5 24. Qd3 h5 25. Rfa1 g6 26. Qf3 h4 27. Qe3 Qf4 28. Qxf4 Bxf4 29. Kf1 Kg7 30. Ke2 f5 31. Bf3 Kf6 32. Ra8 Rxa8 33. Rxa8 g5 34. Rf8+ Kg7 35. Re8 Bd6 36. Rb8 Ng6 37. Kd3 Nf4+ 38. Kc4 g4 39. hxg4 fxg4 40. Bxg4 Nxg2 41. Re8 Nf4 42. Re3 Kf6 43. Bd7 Kg5 44. Kb5 Nd5 45. Rf3 Nf4 46. Kc6 Kf6 47. Kb5 Ke7 48. Bg4 Kf6 49. Kc4 Kg5 50. Bd7 Kf6 51. Re3 Kg5 52. Re8 Kg6 53. Rg8+ Kf6 54. Rg4 Nh3 55. f3 Ng5 56. f4 Ne6 57. Rxh4 Nxf4 58. Rh6+ Kg5 59. Rh1 Kf6 60. Re1 Kg5 61. d5 Kf6 62. Kd4 Ng6 63. Re6+ Kg7 64. Be8 Ne7 65. Ke4 Kf8 66. Bb5 Kg7 67. Bc4 Kf7 68. Be2 Kg7 69. Kd4 Nf5+ 70. Kc4 b5+ 71. Kd3 b4 72. Kc4 Ne7 73. Bd3 Kf7 74. Re1 Kf6 75. Be2 Ke5 76. Bg4+ Kf6 77. Kd4 Ng6 78. Ke4 Ne7 79. Rf1+ Kg7 80. Bd7 Kg6 81. Rg1+ Kf6 82. Be8 Nc8 83. Rg6+ Ke7 84. Rg8 Kf6 85. Bd7 Ne7 86. Rg2 Kf7 87. Bg4 Kf6 88. Bh5 Bc5 89. Rg3 Bd6 90. Rg1 Bc5 91. Rf1+ Kg5 92. Be8 Bd6 93. Rf2 Bc5 94. Rf3 Bd6 95. Rf1 Nc8 96. Rf5+ Kh6 1-0

[Event "8th RTU Open 2018"]
[Site "Riga"]
[Date "2018.08.08"]
[Round "4"]
[White "Kollars, Dmitrij"]
[Black "Kreisl, Robert"]
[Result "0-1"]
[ECO "B02"]
[WhiteElo "2549"]
[BlackElo "2404"]
[Annotator "ChessBase"]
[PlyCount "92"]
[EventDate "2018.08.06"]
[EventType "swiss"]
[EventCountry "LAT"]
[SourceTitle "playchess.com"]
[Source "ChessBase"]
[SourceQuality "1"]
[TimeControl "5400+30"]

1. e4 Nf6 2. e5 Nd5 3. Nc3 Nxc3 4. dxc3 Nc6 5. Nf3 d6 6. Bf4 Bg4 7. Bb5 Qd7 8. h3 Bxf3 9. Qxf3 a6 10. Ba4 e6 11. O-O-O b5 12. Bb3 Rd8 13. c4 Na5 14. exd6 cxd6 15. cxb5 axb5 16. Bd5 exd5 17. Qc3 Qf5 18. Rhe1+ Be7 19. Bh6 Rc8 20. g4 Rxc3 21. gxf5 gxh6 22. bxc3 Kd7 23. f6 Bxf6 24. Rxd5 Bxc3 25. Re3 Kc6 26. Rf5 Be5 27. f4 Nc4 28. Re4 Bb2+ 29. Kd1 d5 30. Re7 Nd6 31. Rh5 Bg7 32. Re3 b4 33. Rg3 Bc3 34. Ke2 Re8+ 35. Kf3 Kc5 36. Rg2 Bd4 37. f5 Re3+ 38. Kg4 Re4+ 39. Kf3 Re3+ 40. Kg4 Re4+ 41. Kf3 Be3 42. h4 f6 43. Rg8 Kd4 44. Rf8 Rf4+ 45. Kg2 Rf2+ 46. Kh3 Ne4 0-1

[Event "8th RTU Open 2018"]
[Site "Riga"]
[Date "2018.08.08"]
[Round "4"]
[White "Praggnanandhaa, R."]
[Black "Laurusas, Tomas"]
[Result "1/2-1/2"]
[ECO "B83"]
[WhiteElo "2532"]
[BlackElo "2463"]
[Annotator "RC"]
[PlyCount "66"]
[EventDate "2018.08.06"]
[EventType "swiss"]
[EventCountry "LAT"]
[SourceTitle "playchess.com"]
[Source "ChessBase"]
[SourceQuality "1"]
[TimeControl "5400+30"]

1. e4 c5 2. Nf3 e6 3. d4 cxd4 4. Nxd4 Nf6 5. Nc3 d6 6. Be2 Be7 7. O-O a6 8. f4 Qc7 9. g4 Nc6 10. g5 Nd7 11. Be3 O-O 12. f5 Nxd4 13. Qxd4 Qd8 14. f6 gxf6 15. gxf6 Bxf6 16. Rxf6 Qxf6 17. Qxd6 Qe5 18. Qd2 f6 19. Kh1 Kh8 20. Bd4 Qc7 21. Qh6 Qd8 22. e5 Nxe5 23. Rg1 Rg8 24. Rxg8+ Kxg8 25. Bxe5 fxe5 26. Ne4 Qe7 27. Nf6+ Kh8 28. Nxh7 Qxh7 29. Qf8+ Qg8 30. Qh6+ Qh7 31. Qf8+ Qg8 32. Qf6+ Qg7 33. Qd8+ Qg8 1/2-1/2

[Event "8th RTU Open 2018"]
[Site "Riga"]
[Date "2018.08.08"]
[Round "4"]
[White "Repka, Christopher"]
[Black "Miedema, David"]
[Result "1-0"]
[ECO "A45"]
[WhiteElo "2528"]
[BlackElo "2397"]
[Annotator "ChessBase"]
[PlyCount "51"]
[EventDate "2018.08.06"]
[EventType "swiss"]
[EventCountry "LAT"]
[SourceTitle "playchess.com"]
[Source "ChessBase"]
[SourceQuality "1"]
[TimeControl "5400+30"]

1. d4 Nf6 2. Bg5 d5 3. Nd2 Nbd7 4. c3 h6 5. Bh4 g5 6. Bg3 Nh5 7. e4 Nxg3 8. hxg3 dxe4 9. Nxe4 Bg7 10. Nf3 g4 11. Nh4 Nb6 12. Bd3 h5 13. Qe2 e6 14. O-O-O f5 15. Nc5 Kf7 16. Kb1 a5 17. f3 Qd6 18. fxg4 hxg4 19. Rdf1 Kg8 20. Ng6 Rxh1 21. Rxh1 Bd7 22. Nf4 Kf7 23. Rf1 Qc6 24. a4 e5 25. Nh5 exd4 26. Bxf5 1-0

[Event "8th RTU Open 2018"]
[Site "Riga"]
[Date "2018.08.08"]
[Round "4"]
[White "Thybo, Jesper Sondergaard"]
[Black "Svane, Rasmus"]
[Result "1/2-1/2"]
[ECO "C11"]
[WhiteElo "2496"]
[BlackElo "2591"]
[Annotator "ChessBase"]
[PlyCount "52"]
[EventDate "2018.08.06"]
[EventType "swiss"]
[EventCountry "LAT"]
[SourceTitle "playchess.com"]
[Source "ChessBase"]
[SourceQuality "1"]
[TimeControl "5400+30"]

1. e4 e6 2. d4 d5 3. Nc3 Nf6 4. Bg5 dxe4 5. Nxe4 Nbd7 6. Nf3 Be7 7. Nxf6+ Bxf6 8. Bxf6 Qxf6 9. g3 b6 10. Bg2 Bb7 11. O-O Rd8 12. c3 c5 13. Qe2 O-O 14. dxc5 Nxc5 15. Rad1 Na4 16. Nh4 Bxg2 17. Nxg2 h6 18. Ne3 Qe5 19. Rd2 Qe4 20. Rfd1 Rxd2 21. Rxd2 Nc5 22. Qd1 Qa8 23. Rd4 Ne4 24. h4 Nf6 25. Ng4 Nxg4 26. Qxg4 Rd8 1/2-1/2

[Event "8th RTU Open 2018"]
[Site "Riga"]
[Date "2018.08.08"]
[Round "4"]
[White "Kaczur, Florian"]
[Black "Stocek, Jiri"]
[Result "1-0"]
[ECO "C03"]
[WhiteElo "2482"]
[BlackElo "2582"]
[Annotator "ChessBase"]
[PlyCount "113"]
[EventDate "2018.08.06"]
[EventType "swiss"]
[EventCountry "LAT"]
[SourceTitle "playchess.com"]
[Source "ChessBase"]
[SourceQuality "1"]
[TimeControl "5400+30"]

1. e4 e6 2. d4 d5 3. Nd2 Be7 4. Bd3 c5 5. dxc5 Nf6 6. Qe2 O-O 7. Ngf3 a5 8. c3 Nfd7 9. O-O Nxc5 10. Bc2 b6 11. Rd1 Ba6 12. Qe3 Nc6 13. Nb3 Re8 14. e5 Nxb3 15. axb3 Bc5 16. Qf4 f5 17. Re1 Qe7 18. g4 fxg4 19. Qxg4 Rf8 20. Be3 g6 21. Bg5 Qf7 22. Kg2 Be7 23. Qg3 Qxf3+ 24. Qxf3 Rxf3 25. Bxe7 Rf7 26. Bd6 Bb5 27. Re3 Rc8 28. Rd1 Nd8 29. Rd4 Nb7 30. Ba3 Bc6 31. h4 b5 32. Bd1 Bd7 33. h5 gxh5 34. Bxh5 Rg7+ 35. Rg3 Be8 36. Rdg4 Bg6 37. Bxg6 hxg6 38. Rxg6 Rcc7 39. Rxe6 Rxg3+ 40. fxg3 d4 41. Bd6 dxc3 42. bxc3 Nxd6 43. exd6 Rd7 44. Re5 Rxd6 45. Rxb5 Rc6 46. c4 a4 47. bxa4 Rxc4 48. a5 Ra4 49. Kh3 Kg7 50. g4 Kf7 51. Kh4 Kg7 52. Kh5 Ra1 53. Rb7+ Kf6 54. g5+ Kf5 55. Rb5+ Kf4 56. Kg6 Kg4 57. Kg7 1-0

[Event "8th RTU Open 2018"]
[Site "Riga"]
[Date "2018.08.08"]
[Round "4"]
[White "Pultinevicius, Paulius"]
[Black "Rostgaard, Tobias Valentin"]
[Result "1-0"]
[ECO "E97"]
[WhiteElo "2452"]
[BlackElo "2386"]
[Annotator "ChessBase"]
[PlyCount "59"]
[EventDate "2018.08.06"]
[EventType "swiss"]
[EventCountry "LAT"]
[SourceTitle "playchess.com"]
[Source "ChessBase"]
[SourceQuality "1"]
[TimeControl "5400+30"]

1. c4 Nf6 2. Nc3 g6 3. e4 d6 4. d4 Bg7 5. Nf3 O-O 6. Be2 e5 7. O-O Nc6 8. Be3 Ng4 9. Bg5 f6 10. Bh4 g5 11. Bg3 Nh6 12. dxe5 fxe5 13. Rc1 g4 14. Ne1 Be6 15. Nc2 Qg5 16. Nd5 Rac8 17. b4 Nd4 18. Nxd4 exd4 19. b5 c6 20. bxc6 bxc6 21. Nb4 Nf7 22. c5 dxc5 23. Nd3 c4 24. Nf4 Rce8 25. Nxe6 Rxe6 26. Bxc4 Rxe4 27. f3 Re3 28. Bd6 gxf3 29. Rc2 Re2 30. Rxe2 1-0

[Event "8th RTU Open 2018"]
[Site "Riga"]
[Date "2018.08.08"]
[Round "4"]
[White "Haria, Ravi"]
[Black "Hjelmaas, Lars"]
[Result "1/2-1/2"]
[ECO "C00"]
[WhiteElo "2449"]
[BlackElo "2271"]
[Annotator "NA"]
[PlyCount "120"]
[EventDate "2018.08.06"]
[EventType "swiss"]
[EventCountry "LAT"]
[SourceTitle "playchess.com"]
[Source "ChessBase"]
[SourceQuality "1"]
[TimeControl "5400+30"]

1. e4 e6 2. d4 d5 3. Bd3 c5 4. exd5 exd5 5. Nf3 Nc6 6. O-O Bd6 7. dxc5 Bxc5 8. Nbd2 Nge7 9. Nb3 Bb6 10. Re1 O-O 11. c3 h6 12. h3 Nf5 13. Bxf5 Bxf5 14. Be3 Be4 15. Bxb6 Qxb6 16. Nfd4 Rfe8 17. Nxc6 Qxc6 18. Nd4 Qg6 19. Qg4 Qb6 20. Qe2 Kf8 21. Qb5 Qxb5 22. Nxb5 Bd3 23. Nd4 g6 24. f3 Rxe1+ 25. Rxe1 Re8 26. Rd1 Ba6 27. Kf2 Ke7 28. Nc2 Kd6 29. Ne3 Kc6 30. Rd2 Re5 31. f4 Re4 32. g3 Bb5 33. b3 a5 34. Nxd5 b6 35. Ne3 Kc7 36. Nd5+ Kb7 37. Nf6 Re6 38. Ng4 h5 39. Ne5 Be8 40. Nc4 Kc7 41. Re2 Bd7 42. h4 a4 43. Rxe6 Bxe6 44. Nd2 Kd6 45. Ke3 Kd5 46. b4 b5 47. Nb1 Kc6 48. c4 Bxc4 49. a3 Kd6 50. Nc3 Bf1 51. f5 Ke5 52. fxg6 fxg6 53. Ne4 Bc4 54. Nf2 Be6 55. Nd3+ Kf5 56. Nf4 Bf7 57. Ne2 Kg4 58. Kf2 Be8 59. Nd4 Bd7 60. Nc2 Kf5 1/2-1/2

[Event "8th RTU Open 2018"]
[Site "Riga"]
[Date "2018.08.08"]
[Round "4"]
[White "Duzhakov, Ilya"]
[Black "Arnold, Max"]
[Result "1/2-1/2"]
[ECO "E10"]
[WhiteElo "2441"]
[BlackElo "2260"]
[Annotator "NA RC"]
[PlyCount "94"]
[EventDate "2018.08.06"]
[EventType "swiss"]
[EventCountry "LAT"]
[SourceTitle "playchess.com"]
[Source "ChessBase"]
[SourceQuality "1"]
[TimeControl "5400+30"]

1. d4 Nf6 2. c4 e6 3. Nf3 d5 4. g3 Bb4+ 5. Bd2 Bd6 6. Bg2 c6 7. Qc2 Nbd7 8. O-O O-O 9. Bg5 h6 10. Bxf6 Nxf6 11. Nbd2 b6 12. a3 Bb7 13. b4 a5 14. c5 bxc5 15. bxc5 Bc7 16. a4 Ba6 17. Rfe1 Rb8 18. e4 Rb4 19. e5 Nd7 20. Qc3 Qe7 21. h4 Rfb8 22. Nh2 Bxe5 23. dxe5 Qxc5 24. Qxc5 Nxc5 25. Rec1 Rxa4 26. Rxa4 Nxa4 27. Rxc6 Rb6 28. Rxb6 Nxb6 29. Bf1 Bc4 30. Nhf3 a4 31. Nd4 a3 32. Nc2 a2 33. f4 f6 34. exf6 gxf6 35. Kf2 Bxf1 36. Kxf1 e5 37. Ke2 Kf7 38. fxe5 fxe5 39. Nb3 Na4 40. Kd3 d4 41. Nc1 Nc3 42. g4 Kg6 43. Kc4 h5 44. g5 Kf5 45. Nd3 Nd1 46. Kb3 Nc3 47. Nc1 Ne4 1/2-1/2

[Event "8th RTU Open 2018"]
[Site "Riga"]
[Date "2018.08.08"]
[Round "4"]
[White "Cruz Lledo, Pablo"]
[Black "Saulespurens, Valdis"]
[Result "1-0"]
[ECO "D03"]
[WhiteElo "2432"]
[BlackElo "2254"]
[Annotator "NA"]
[PlyCount "93"]
[EventDate "2018.08.06"]
[EventType "swiss"]
[EventCountry "LAT"]
[SourceTitle "playchess.com"]
[Source "ChessBase"]
[SourceQuality "1"]
[TimeControl "5400+30"]

1. d4 Nf6 2. Nf3 d5 3. Bg5 e6 4. Nbd2 Be7 5. e3 Nbd7 6. Bd3 c5 7. c3 Qc7 8. O-O O-O 9. e4 dxe4 10. Nxe4 Re8 11. Qe2 Qb6 12. Rad1 cxd4 13. cxd4 Nxe4 14. Qxe4 Nf8 15. Bxe7 Rxe7 16. Qe2 Rc7 17. Ne5 Bd7 18. Nc4 Qb4 19. a3 Qa4 20. Qe3 Bb5 21. b3 Qa6 22. a4 Bxc4 23. Bxc4 Qd6 24. d5 e5 25. f4 Ng6 26. f5 Ne7 27. f6 gxf6 28. Qh6 Ng6 29. h4 Rxc4 30. bxc4 Kh8 31. Rf2 Rg8 32. Rdf1 Qb6 33. a5 Qd4 34. h5 Qh4 35. Rxf6 Nf4 36. R6xf4 exf4 37. Rxf4 Qe1+ 38. Rf1 Qe2 39. Qf6+ Rg7 40. Qf2 Qxh5 41. d6 Qxa5 42. d7 Qg5 43. Rd1 Qd8 44. Qxa7 f5 45. Qxb7 f4 46. Qc8 Rg8 47. Qxd8 1-0

[Event "8th RTU Open 2018"]
[Site "Riga"]
[Date "2018.08.08"]
[Round "4"]
[White "Yankelevich, Lev"]
[Black "Mierins, Eriks"]
[Result "1/2-1/2"]
[ECO "D52"]
[WhiteElo "2420"]
[BlackElo "2235"]
[Annotator "NA"]
[PlyCount "70"]
[EventDate "2018.08.06"]
[EventType "swiss"]
[EventCountry "LAT"]
[SourceTitle "playchess.com"]
[Source "ChessBase"]
[SourceQuality "1"]
[TimeControl "5400+30"]

1. Nf3 Nf6 2. c4 e6 3. Nc3 d5 4. d4 c6 5. Bg5 Nbd7 6. e3 Be7 7. Qc2 a6 8. cxd5 exd5 9. Bd3 O-O 10. h3 c5 11. dxc5 Nxc5 12. O-O Nxd3 13. Qxd3 Be6 14. Rfd1 Rc8 15. Nd4 h6 16. Bh4 Qb6 17. Rab1 Rfe8 18. Nf5 Bxf5 19. Qxf5 Qe6 20. Qf3 Ne4 21. Bxe7 Nxc3 22. bxc3 Rxe7 23. Rxd5 Rxc3 24. Rd8+ Kh7 25. Rbd1 Rec7 26. Kh2 Rc2 27. Rf8 Rxa2 28. Qf4 Rcc2 29. Rdd8 Rxf2 30. Rh8+ Kg6 31. Qg3+ Kf6 32. Qh4+ Kg6 33. Qg3+ Kf6 34. Qh4+ Kg6 35. Qg3+ Kh5 1/2-1/2

[Event "8th RTU Open 2018"]
[Site "Riga"]
[Date "2018.08.08"]
[Round "4"]
[White "Samolins, Vitalijs"]
[Black "Makoveev, Ilya"]
[Result "1-0"]
[ECO "B51"]
[WhiteElo "2419"]
[BlackElo "2249"]
[Annotator "NA"]
[PlyCount "81"]
[EventDate "2018.08.06"]
[EventType "swiss"]
[EventCountry "LAT"]
[SourceTitle "playchess.com"]
[Source "ChessBase"]
[SourceQuality "1"]
[TimeControl "5400+30"]

1. e4 c5 2. Nf3 d6 3. Bb5+ Nd7 4. O-O a6 5. Bd3 Ngf6 6. Re1 b5 7. c4 g5 8. Nxg5 Ne5 9. Be2 bxc4 10. Nc3 Rg8 11. d4 cxd3 12. Bxd3 Bg4 13. Be2 h6 14. Nf3 Bxf3 15. Bxf3 Qd7 16. Bf4 Nxf3+ 17. Qxf3 Qg4 18. Qxg4 Rxg4 19. g3 e6 20. h3 Rg8 21. Rad1 O-O-O 22. Rd2 Nh5 23. Be3 Bg7 24. Red1 Bxc3 25. bxc3 Nf6 26. Rxd6 Nxe4 27. Rxd8+ Rxd8 28. Rxd8+ Kxd8 29. Bxh6 Nxc3 30. a3 c4 31. Kf1 Ke7 32. Bd2 Ne4 33. Ke2 f5 34. g4 Nxd2 35. Kxd2 fxg4 36. hxg4 e5 37. Kc3 Kf6 38. Kxc4 Kg5 39. Kd5 Kxg4 40. Ke4 a5 41. a4 1-0

[Event "8th RTU Open 2018"]
[Site "Riga"]
[Date "2018.08.08"]
[Round "4"]
[White "Ruiz Castillo, Joshua Daniel"]
[Black "Petrosyan, Manuel"]
[Result "1/2-1/2"]
[ECO "B12"]
[WhiteElo "2415"]
[BlackElo "2567"]
[Annotator "ChessBase"]
[PlyCount "120"]
[EventDate "2018.08.06"]
[EventType "swiss"]
[EventCountry "LAT"]
[SourceTitle "playchess.com"]
[Source "ChessBase"]
[SourceQuality "1"]
[TimeControl "5400+30"]

1. e4 c6 2. d4 d5 3. f3 g6 4. Nc3 Bg7 5. Be3 Qb6 6. Qd2 Qxb2 7. Rb1 Qa3 8. exd5 Nf6 9. dxc6 bxc6 10. Bd3 Ba6 11. Nge2 Nbd7 12. Rb3 Qa5 13. Ne4 Qxd2+ 14. Kxd2 Bxd3 15. cxd3 Nd5 16. Rc1 f5 17. Ng5 Bf6 18. f4 O-O 19. Nf3 Rfb8 20. Ne5 Rxb3 21. axb3 N7b6 22. Rxc6 Rb8 23. Rc5 e6 24. Bf2 Be7 25. Rc6 Bb4+ 26. Kd1 Re8 27. Nf3 h6 28. g3 Kf7 29. Be1 Ne3+ 30. Kc1 Bxe1 31. Nxe1 Rc8 32. Rxc8 Nxc8 33. Nf3 Kf6 34. Kd2 Nd5 35. h4 Nce7 36. Nc3 a6 37. Na4 Nc6 38. Nc5 a5 39. Nd7+ Kg7 40. Nde5 Ncb4 41. Nc4 Nc6 42. Nfe5 Nxd4 43. Nxa5 Kf6 44. Nec6 Nb5 45. Nc4 g5 46. hxg5+ hxg5 47. Ne3 Nbc7 48. fxg5+ Kxg5 49. b4 Nxe3 50. Kxe3 Kg4 51. Kf2 f4 52. gxf4 Kxf4 53. Nd4 Ke5 54. Nc2 Nd5 55. Kf3 Nc3 56. Ke3 Kd5 57. Na3 e5 58. Kd2 Na2 59. Nc2 e4 60. d4 Nxb4 1/2-1/2

[Event "8th RTU Open 2018"]
[Site "Riga"]
[Date "2018.08.08"]
[Round "4"]
[White "Gokerkan, Cem Kaan"]
[Black "Ter Sahakyan, Samvel"]
[Result "0-1"]
[ECO "B96"]
[WhiteElo "2404"]
[BlackElo "2551"]
[Annotator "ChessBase"]
[PlyCount "72"]
[EventDate "2018.08.06"]
[EventType "swiss"]
[EventCountry "LAT"]
[SourceTitle "playchess.com"]
[Source "ChessBase"]
[SourceQuality "1"]
[TimeControl "5400+30"]

1. e4 c5 2. Nf3 d6 3. d4 cxd4 4. Nxd4 Nf6 5. Nc3 a6 6. Bg5 e6 7. f4 h6 8. Bh4 Qb6 9. Qd2 Qxb2 10. Rb1 Qa3 11. e5 dxe5 12. fxe5 Nfd7 13. Ne4 Qxa2 14. Rd1 Qd5 15. Qe3 Qxe5 16. Be2 Bc5 17. Bg3 Qd5 18. c4 Bxd4 19. Rxd4 Qa5+ 20. Rd2 O-O 21. Bd6 f5 22. O-O fxe4 23. Bxf8 Nxf8 24. Qf2 Nbd7 25. Qf7+ Kh7 26. Rdd1 Ng6 27. Kh1 Qc5 28. h4 Qe7 29. h5 Qxf7 30. Rxf7 Nge5 31. Re7 Nf6 32. Rf1 Kg8 33. g4 Bd7 34. g5 Nc6 35. gxf6 Nxe7 36. fxe7 Re8 0-1

[Event "8th RTU Open 2018"]
[Site "Riga"]
[Date "2018.08.08"]
[Round "4"]
[White "Lapshun, Yury"]
[Black "Lobanov, Sergei"]
[Result "1/2-1/2"]
[ECO "B24"]
[WhiteElo "2403"]
[BlackElo "2531"]
[Annotator "ChessBase"]
[PlyCount "109"]
[EventDate "2018.08.06"]
[EventType "swiss"]
[EventCountry "LAT"]
[SourceTitle "playchess.com"]
[Source "ChessBase"]
[SourceQuality "1"]
[TimeControl "5400+30"]

1. e4 c5 2. Nc3 Nc6 3. g3 g6 4. Bg2 Bg7 5. d3 e5 6. f4 d6 7. Nf3 Nge7 8. O-O O-O 9. Be3 Nd4 10. Qd2 Bg4 11. Ng5 f6 12. Nf3 Qd7 13. Rae1 Be6 14. a3 Rae8 15. Kh1 b6 16. b4 Rc8 17. bxc5 bxc5 18. Rb1 Rb8 19. Ng1 Rb6 20. Rxb6 axb6 21. Rb1 Qa7 22. a4 Qa5 23. Nb5 Qxa4 24. Nxd6 Qc6 25. Bxd4 cxd4 26. Nb5 Bh6 27. Qb4 Nc8 28. Rb2 Qc5 29. Qxc5 bxc5 30. Nc7 Bd7 31. Na6 c4 32. Nc5 Bg4 33. Bf3 Bxf3+ 34. Nxf3 cxd3 35. cxd3 exf4 36. gxf4 Re8 37. Nd7 Kf7 38. e5 Bxf4 39. Nxf6 Rd8 40. Nxh7 Ke6 41. Nhg5+ Kf5 42. Rg2 Rd5 43. Nh4+ Kxe5 44. Nxg6+ Kf5 45. Nh4+ Ke5 46. Nhf3+ Kf5 47. Ne4 Nd6 48. Nh4+ Ke6 49. Rg6+ Ke7 50. Rg4 Be3 51. Rg7+ Kd8 52. Rg8+ Kc7 53. Rg7+ Kd8 54. Rg8+ Kc7 55. Rg7+ 1/2-1/2